 Dungeon Crawl Stone Soup version 0.30-a0-56-ge6a4009bfd (webtiles) character file.

Game seed: 8637350731780727564

79 Gildeon the Cudgeller (level 4, 28/28 HPs)
             Began as a Gargoyle Fighter on Aug 12, 2022.
             Was a Follower of Vehumet.
             Quit the game on level 3 of the Dungeon on Sept 10, 2022.
             The game lasted 00:06:27 (2490 turns).

Gildeon the Cudgeller (Gargoyle Fighter)            Turns: 2490, Time: 00:06:27

Health: 28/28      AC: 16    Str: 31    XL:     4   Next: 37%
Magic:  4/4        EV:  7    Int:  5    God:    Vehumet [*.....]
Gold:   53         SH:  4    Dex: 11    Spells: 2/3 levels left

rFire   . . .      SeeInvis .    x - +0 morningstar
rCold   . . .      Faith    .    c - +0 buckler
rNeg    + . .      Spirit   .    y - +0 plate armour
rPois   ∞          Reflect  .    (no helmet)
rElec   +          Harm     .    p - +0 cloak
rCorr   .          Rampage  .    (no gloves)
Will    .....                    (no boots)
Stlth   ..........               t - amulet "Tesch" {Regen+ Str+6 Int-4}
HPRegen 0.89/turn                r - +6 ring of strength
MPRegen 0.09/turn                (no ring)

@: no status effects
A: sickness immunity, AC +3, negative energy resistance 1, electricity
resistance, torment resistance 1, petrification resistance
a: Renounce Religion


You were on level 3 of the Dungeon.
You worshipped Vehumet.
Vehumet was aware of your devotion.
You visited 1 branch of the dungeon, and saw 3 of its levels.

You collected 53 gold pieces.

Inventory:

Hand Weapons
 x - a +0 morningstar (weapon)
Missiles
 j - 8 poisoned darts (quivered)
 k - 24 stones
Armour
 c - a +0 buckler (worn)
 p - a +0 cloak (worn)
 y - a +0 plate armour (worn)
Jewellery
 r - a +6 ring of strength (left hand)
 t - the amulet "Tesch" (around neck) {Regen+ Str+6 Int-4}
   (You found it on level 3 of the Dungeon)

   [amulet of regeneration]

   Str:       It affects your strength (+6).
   Int:       It affects your intelligence (-4).
   Regen:     It increases your rate of health regeneration.
Wands
 o - a wand of iceblast (7)
Scrolls
 g - 2 scrolls of teleportation {unknown}
 h - 3 scrolls of poison {unknown}
 i - a scroll of noise {unknown}
 l - a scroll of immolation {unknown}
 n - a scroll of identify {unknown}
Potions
 a - a potion of mutation {unknown}
 d - 2 potions of might
 e - 2 potions of brilliance {unknown}
 f - a potion of heal wounds {unknown}
 m - a potion of attraction {unknown}
 q - a potion of resistance {unknown}
 s - 2 potions of magic {unknown}
 u - a potion of degeneration {unknown}
 v - a potion of curing {unknown}
 w - a potion of invisibility {unknown}


   Skills:
 - Level 3.2 Fighting
 + Level 4.5 Maces & Flails
 - Level 3.2 Armour
 - Level 3.2 Shields


You had 2 spell levels left.
You knew the following spells:

 Your Spells              Type           Power      Damage    Failure   Level
a - Sandblast             Erth           0%         2d4       100%        1

Your spell library contained the following spells:

 Spells                   Type           Power      Damage    Failure   Level
 Static Discharge         Conj/Air       0%         3-3/arc   100%        2
 Dispel Undead            Necr           0%         3d6       100%        4
 Sticky Flame             Conj/Fire      0%         2d3       100%        4


Dungeon Overview and Level Annotations

Branches:
Dungeon (3/15)

Altars:
Vehumet


Innate Abilities, Weirdness & Mutations

You are immune to sickness and miasma.
Your stone body is resilient. (AC +3)
You are immune to poison.
You resist negative energy. (rN+)
You are resistant to electric shocks. (rElec)
You are resistant to unholy torment.
You are immune to petrification.


Message History

You see here a ball python corpse.
A hobgoblin comes into view. It is wielding a +0 hand axe.
The hobgoblin shouts!
You sock the hobgoblin!
You kill the hobgoblin!
Vehumet accepts your kill.
You now have 53 gold pieces (gained 7).
Things that are here:
a +0 hand axe; a +0 plate armour; a hobgoblin corpse You see here an adder skeleton.
Things that are here:
a +0 dagger; a +0 mace; an orc skeleton
h - 3 scrolls labelled TIROAH WYRCHIET (gained 1)
Found a triple crossbow.
Things that are here:
a +0 hand axe; a +0 plate armour; a hobgoblin corpse
y - a +0 plate armour You start removing your armour.
You continue taking off your +0 scale mail. x4
You finish taking off your +0 scale mail.
You start putting on your armour.
You continue putting on your +0 plate armour. x5
You finish putting on your +0 plate armour.
You drop a +0 scale mail.
You start putting on your amulet.
You continue putting on the amulet "Tesch" {Regen+ Str+6 Int-4}. x5
You finish putting on the amulet "Tesch" {Regen+ Str+6 Int-4}.
The amulet "Tesch" throbs as it attunes itself to your uninjured body.
You feel stronger.
You feel stupid.
t - the amulet "Tesch" (around neck) {Regen+ Str+6 Int-4} You see here a +0 whip.
Done exploring.
Done exploring.
Saving game... please wait.
Welcome back, Gildeon the Gargoyle Fighter.
Vehumet says: Let it end in hellfire!
Press ? for a list of commands and other information.
Okay, then.
Are you sure you want to abandon this character and quit the game? (Confirm with "yes".)

.###.###..## #......###.###.#..
.###.# ##..# #..............#.#
..##.#####.#####...........####.#
.......###....##.........>..# ###
##........##......))÷.......#
##........#.......##.......#
#..............######.....##
#..............## #.......#
#.........)....@####.......#
#..........####............##
#..........# ######........## #
##.<......## ###...##..###
#..........# ######.....
#..........# #..... #......<...#
#..... #..........# ######
#..........#


There were no monsters in sight!

Vanquished Creatures
  3 adders
  2 worms
  A dart slug (D:3)
  3 orcs (D:3)
  2 ball pythons
  4 endoplasms
  4 giant cockroaches
  3 goblins
  4 hobgoblins
  A quokka (D:2)
  5 bats
  3 frilled lizards
  A kobold (D:1)
  4 rats
40 creatures vanquished.

Notes
Turn   | Place    | Note
-------+----------+-------------------------------------------
     0 | D:1      | Gildeon the Gargoyle Fighter began the quest for the Orb.
     0 | D:1      | Reached XP level 1. HP: 14/14 MP: 1/1
   287 | D:1      | Reached XP level 2. HP: 9/19 MP: 2/2
   465 | D:1      | Found a faded altar of an unknown god.
   511 | D:1      | Prayed at the altar of an unknown god.
   511 | D:1      | Became a worshipper of Vehumet
   511 | D:1      | Reached * piety under Vehumet
   511 | D:1      | Offered knowledge of Sandblast by Vehumet.
   514 | D:1      | Learned a level 1 spell: Sandblast
   735 | D:2      | Reached skill level 3 in Maces & Flails
  1259 | D:2      | Reached XP level 3. HP: 19/23 MP: 3/3
  1900 | D:3      | Reached skill level 4 in Maces & Flails
  1943 | D:3      | Reached XP level 4. HP: 24/28 MP: 4/4
  2059 | D:3      | Identified the amulet "Tesch" {Regen+ Str+6 Int-4}
  2490 | D:3      | Upgraded the game from 0.29-a0-1027-gcd8c55af63 to
                  | 0.30-a0-56-ge6a4009bfd
  2490 | D:3      | Quit the game

Illustrated notes

Levels and vault maps discovered:
D:1:      dpeg_arrival_orchard, layout_rooms, shapermc_ecumenical_altar_ellora
D:2:      layout_loops_cross, serial_co_window_serial, co_window_paths_b,
          co_window_paths_b, co_window_paths_a, co_window_corner_a,
          co_window_paths_a, co_window_broadway_c, co_window_broadway_b,
          co_window_broadway_c, co_window_broadway_b, co_window_broadway_b,
          co_window_of_opportunity_b, co_window_4corner_a
D:3:      layout_rooms

Skill      XL: |  1  2  3 |
---------------+----------+-----
Maces & Flails | 3 4 |  4.5
Fighting       | |  3.2
Armour         | |  3.2
Shields        | |  3.2

Action                   |  1- 3 |  4- 6 || total
-------------------------+-------+-------++-------
Melee: Flail             |    97 |    19 ||   116
       Morningstar       |       |    11 ||    11
Armor: Scale mail        |    79 |    14 ||    93
Dodge: Dodged            |    70 |    13 ||    83
Block: Buckler           |    26 |     8 ||    34

Table legend: (Time is in decaauts)
 A = Elapsed time spent in this place.
 B = Non-inter-level travel time spent in this place.
 C = Inter-level travel time spent in this place.
 D = Time resting spent in this place.
 E = Time spent auto-exploring this place.
 F = Levels seen in this place.
 G = Mean time per level.
                   A        B        C        D        E       F      G
               +--------+--------+--------+--------+--------+-----+--------+
         Total |   2524 |   2403 |    121 |      0 |   1966 |   3 |  841.3 |
       Dungeon |   2524 |   2403 |    121 |      0 |   1966 |   3 |  841.3 |
               +--------+--------+--------+--------+--------+-----+--------+

Top non-repeatable levels by time:
     D:2: 1215 daAuts
     D:1: 676 daAuts
     D:3: 632 daAuts
